 Seeded DCSS version 0.28-a0-1447-ga5a8893891 (webtiles) character file.

Game seed: 7888837787894303 (custom seed)

3259 lonewolfV2 the Cleaver (level 10, -2/88 HPs)
             Began as a Hill Orc Fighter on Jan 10, 2022.
             Was a Believer of Beogh.
             Killed from afar by an electric eel (11 damage)
             ... with a bolt of electricity
             ... on level 7 of the Dungeon.
             The game lasted 00:12:22 (7185 turns).

lonewolfV2 the Cleaver (Hill Orc Fighter)           Turns: 7185, Time: 00:12:24

Health: -2/88      AC:  6    Str: 24    XL:     10   Next: 0%
Magic:  7/10       EV: 31    Int: 14    God:    Beogh [**....]
Gold:   239        SH:  5    Dex: 10    Spells: 9/9 levels left

rFire   . . .      SeeInvis .   a - +1 war axe (protect)
rCold   . . .      Faith    .   c - +0 buckler
rNeg    . . .      Spirit   .   t - +0 steam dragon scales
rPois   .          Reflect  .   (no helmet)
rElec   .          Harm     .   (no cloak)
rCorr   .          Rampage  .   (no gloves)
Will    .....                   (no boots)
Stlth   +.........              f - amulet of the acrobat
HPRegen 0.24/turn               u - +4 ring of evasion
MPRegen 0.12/turn               p - +6 ring of intelligence

@: acrobatic, studying Long Blades
A: no striking features
a: Renounce Religion, Smiting


You were on level 7 of the Dungeon.
You worshipped Beogh.
Beogh was pleased with you.
You visited 1 branch of the dungeon, and saw 7 of its levels.

You collected 239 gold pieces.

Inventory:

Hand Weapons
 a - a +1 war axe of protection (weapon)
 o - a +2 dagger of venom
Missiles
 r - a throwing net (quivered)
Armour
 b - a +0 scale mail
 c - a +0 buckler (worn)
 h - an orb of light
 t - +0 steam dragon scales (worn)
Jewellery
 f - an amulet of the acrobat (around neck)
 n - a ring of flight
 p - a +6 ring of intelligence (right hand)
 u - a +4 ring of evasion (left hand)
 w - an amulet of reflection
Wands
 j - a wand of digging (4)
 m - a wand of flame (44)
Scrolls
 s - 2 scrolls of silence {unknown}
 v - a scroll of vulnerability {unknown}
Potions
 d - a potion of might
 e - 2 potions of brilliance
 g - a potion of curing
 i - a potion of lignification
 k - 2 potions of mutation
 l - a potion of heal wounds
 q - 3 potions of degeneration {unknown}


   Skills:
 + Level 7.9 Fighting
 + Level 12.6 Axes
 + Level 6.4 Armour
 + Level 2.8 Dodging
 + Level 1.3 Stealth
 + Level 5.7 Shields


You had 9 spell levels left.
You didn't know any spells.
Your spell library contained the following spells:

 Spells                   Type           Power      Damage    Failure   Level
 Freeze                   Ice            0%         1d3       36%         1
 Blink                    Tloc           0%         N/A       50%         2
 Sublimation of Blood     Necr           0%         N/A       50%         2
 Wereblood                Tmut           0%         N/A       50%         2
 Gell's Gravitas          Tloc           0%         N/A       73%         3
 Lesser Beckoning         Tloc           0%         N/A       73%         3
 Ozocubu's Armour         Ice            0%         N/A       73%         3
 Tukima's Dance           Hex            0%         N/A       73%         3
 Hailstorm                Conj/Ice       0%         3d3       98%         4
 Ice Form                 Ice/Tmut       0%         N/A       98%         4
 Passage of Golubria      Tloc           0%         N/A       98%         4
 Borgnjor's Vile Clutch   Necr/Erth      0%         N/A       100%        5
 Manifold Assault         Tloc           0%         N/A       100%        5
 Yara's Violent Unravell  Hex/Tmut       0%         3d3       100%        5
 Iron Shot                Conj/Erth      0%         9d1       100%        6
 Statue Form              Tmut/Erth      0%         N/A       100%        6
 Ozocubu's Refrigeration  Ice            0%         4d5       100%        7
 Summon Hydra             Summ           0%         N/A       100%        7


Dungeon Overview and Level Annotations

Branches:
Dungeon (7/15)
 Temple: D:4-7

Altars:
Dithmenos
Fedhas
Kikubaaqudgha
Okawaru
Sif Muna
Zin

Shops:
D:1 (


Message History

The electric eel completely resists.
The bolt of electricity misses you. The orc wizard casts a spell at you.
The magic dart hits you!
The electric eel shoots out a bolt of lightning at you!
The bolt of electricity misses you.
Aiming: Smiting
Press: ? - help, Dir - move target, f - electric eel Smite: an electric eel (water)
You smite the electric eel!
The electric eel is severely wounded.
You can no longer gain orcish followers.
The orc wizard casts a spell at you.
Your orc resists with significant effort.
The electric eel shoots out a bolt of lightning at you!
The bolt of electricity hits you!
* * * LOW HITPOINT WARNING * * *
The electric eel shoots out a bolt of lightning at you!
The bolt of electricity hits you!
* * * LOW HITPOINT WARNING * * *
You feel much better.
The orc wizard hits your orc with a +0 dagger.
The electric eel shoots out a bolt of lightning at you!
The bolt of electricity hits the electric eel.
The electric eel completely resists.
The bolt of electricity hits the electric eel.
The electric eel completely resists.
The bolt of electricity hits you!
The electric eel shoots out a bolt of lightning at you!
The bolt of electricity hits you!
* * * LOW HITPOINT WARNING * * *
Your orc closely misses the orc wizard.
Your orc barely misses the electric eel.
Your orc hits something with a +0 hand axe.
Your orc closely misses something.
The electric eel shoots out a bolt of lightning at you!
The bolt of electricity hits the electric eel.
The electric eel completely resists.
The bolt of electricity hits you!
* * * LOW HITPOINT WARNING * * *
The electric eel shoots out a bolt of lightning at you!
The bolt of electricity hits you!
You die...

#.## #≈≈≈≈≈PP≈♣P≈≈≈P≈≈.≈≈PP≈≈♣)
#.# ##♣P♣≈≈###♣♣♣♣≈≈≈.≈≈≈≈≈≈≈♣
###.## ###### ♣♣≈≈.≈≈≈≈≈P≈≈
#...<############# ♣≈≈.≈≈≈≈PP≈♣
#....#.>.........# ♣≈≈.≈≈≈≈≈≈P♣
#.<..#.......#.#.# P≈.≈≈≈≈≈♣♣♣
#....#.......#...♣♣♣♣≈≈≈.≈P≈≈P ♣.
#....####..####..♣≈≈≈≈≈≈.≈P≈≈♣♣♣.
#...............@≈SSS≈≈≈.≈≈P≈♣♣..
#....####..#####♣♣S≈≈≈≈≈.≈≈P♣P...
#....# #..# oo≈≈≈≈.≈≈≈♣....
#....# #.... ≈≈≈P≈≈.≈≈♣.....
###### #.#.#. P≈≈≈≈♣.P≈......
..#.# # ♣♣P♣♣...#...... .##..
......##..... . ... #......#....)
#..<....


You could see 4 electric eels and an orc wizard.

Vanquished Creatures
  A two-headed ogre (D:6)
  Prince Ribbit (D:6)
  A basilisk (D:6)
  A steam dragon (D:6)
  A water moccasin (D:7)
  2 necrophages
  A sky beast (D:6)
  3 ogres
  A phantom (D:5)
  A centaur (D:5)
  2 bullfrogs (D:6)
  5 scorpions
  6 killer bees (D:7)
  An electric eel (D:7)
  A centaur zombie (D:3)
  3 orc priests
  A jelly (D:6)
  A centaur skeleton (D:6)
  5 orc wizards
  2 iguanas
  2 hound skeletons
  Robin (D:4)
  8 gnolls
  A howler monkey skeleton (D:4)
  6 adders
  A shadow imp (D:6)
  2 white imps
  An ufetubus (D:5)
  2 adder skeletons
  2 worms
  4 dart slugs
  15 orcs
  8 ball pythons
  2 endoplasms
  9 giant cockroaches
  11 goblins
  11 hobgoblins
  5 jackals
  7 kobolds
  3 quokkas
  8 bats
  3 frilled lizards
  2 rats
154 creatures vanquished.

Vanquished Creatures (others)
  6 plants (D:7)
6 creatures vanquished.

Grand Total: 160 creatures vanquished

Notes
Turn   | Place    | Note
-------+----------+-------------------------------------------
     0 | D:1      | lonewolfV2 the Hill Orc Fighter began the quest for the
                  | Orb.
     0 | D:1      | Reached XP level 1. HP: 19/19 MP: 1/1
   134 | D:1      | Found Ofahobat's Antique Weapon Shop.
   144 | D:1      | Reached XP level 2. HP: 22/27 MP: 2/2
   481 | D:1      | Reached skill level 3 in Axes
   594 | D:1      | Reached XP level 3. HP: 31/33 MP: 3/3
  1335 | D:3      | Reached XP level 4. HP: 38/40 MP: 4/4
  1503 | D:3      | Became a worshipper of Beogh the Brigand
  1513 | D:3      | Reached skill level 4 in Axes
  1554 | D:3      | Found a faded altar of an unknown god.
  1688 | D:3      | Reached XP level 5. HP: 44/47 MP: 5/5
  2055 | D:4      | Reached skill level 5 in Axes
  2115 | D:4      | Found a shadowy altar of Dithmenos.
  2353 | D:4      | Noticed Robin
  2376 | D:4      | Reached * piety under Beogh
  2387 | D:4      | Killed Robin
  2388 | D:4      | Reached XP level 6. HP: 38/53 MP: 6/6
  2575 | D:4      | Found a glowing drain.
  3062 | D:4      | Reached skill level 6 in Axes
  3107 | D:4      | Reached XP level 7. HP: 14/60 MP: 7/7
  3471 | D:4      | Identified the +2 short sword "Qely" {spect, rElec rC-
                  | Will+}
  3547 | D:4      | Got the Incunabulum of Snow
  3640 | D:5      | Entered Level 5 of the Dungeon
  3656 | D:5      | Reached skill level 5 in Fighting
  3658 | D:5      | Reached skill level 7 in Axes
  3676 | D:5      | Reached skill level 1 in Dodging
  4604 | D:5      | Reached skill level 8 in Axes
  4606 | D:5      | Reached ** piety under Beogh
  4607 | D:5      | Reached skill level 5 in Armour
  4607 | D:5      | Reached XP level 8. HP: 35/70 MP: 8/8
  4803 | D:5      | Reached skill level 5 in Shields
  5111 | D:5      | Reached skill level 9 in Axes
  5576 | D:6      | Reached skill level 10 in Axes
  5656 | D:6      | Noticed a two-headed ogre
  5664 | D:6      | Reached XP level 9. HP: 70/78 MP: 9/9
  5670 | D:6      | Killed a two-headed ogre
  5671 | D:6      | Reached skill level 11 in Axes
  5671 | D:6      | Reached skill level 1 in Stealth
  5870 | D:6      | Got Sif Muna's Volume of Ashen Translocation
  5966 | D:6      | Noticed Prince Ribbit
  5982 | D:6      | Killed Prince Ribbit
  6206 | D:6      | Found a glowing silver altar of Zin.
  6211 | D:6      | Found an iron altar of Okawaru.
  6212 | D:6      | Found an ancient bone altar of Kikubaaqudgha.
  6214 | D:6      | Found a shimmering blue altar of Sif Muna.
  6215 | D:6      | Found a blossoming altar of Fedhas.
  6506 | D:7      | Reached skill level 12 in Axes
  7009 | D:7      | Reached *** piety under Beogh
  7010 | D:7      | Reached XP level 10. HP: 63/88 MP: 10/10
  7185 | D:7      | Killed from afar by an electric eel

Illustrated notes

Levels and vault maps discovered:
D:1:      minmay_arrival_nine_rooms, layout_rooms, serial_shops, shop
D:2:      layout_rooms
D:3:      layout_basic, ebering_ecumenical_altar_mist
D:4:      layout_basic, grunt_dithmenos_smoke, gup_sewer_entry_spiral,
          kennysheep_opposing_triangles, uniq_robin
D:5:      lemuel_ice_spiral_2, layout_basic, kennysheep_generic_room_8
D:6:      layout_loops_ring, minitemple, st_stairs_13,
          minmay_manual_mandibuliform, uniq_prince_ribbit1
D:7:      layout_rooms, minmay_temple_entry_stoned_glass, serial_bayou,
          serial_bayou_shore_b, serial_bayou_lagoon_b, serial_bayou_ford_a,
          serial_bayou_shore_b, serial_bayou_pond_e

Skill      XL: |  1  2  3  4  5  6  7  8  9 |
---------------+----------------------------+-----
Fighting       | 4 5 6 7 |  7.9
Axes           | 3 4 5 6 8 10 12 | 12.6
Armour         | 4 5 6 |  6.4
Shields        | 4 5 |  5.7
Dodging        | 1 2 |  2.8
Stealth        | 1 |  1.3

Action                   |  1- 3 |  4- 6 |  7- 9 | 10-12 || total
-------------------------+-------+-------+-------+-------++-------
Melee: War axe           |    96 |   169 |   207 |     4 ||   476
Invok: Convert to Beogh  |       |     1 |       |       ||     1
       Smiting           |       |       |       |     1 ||     1
  Use: Scroll            |     3 |     6 |       |       ||     9
       Potion            |       |     1 |     2 |     1 ||     4
Armor: Scale mail        |    61 |    82 |    68 |       ||   211
       Steam dragon scal |       |       |    39 |     2 ||    41
Dodge: Dodged            |    93 |    92 |   165 |     9 ||   359
Block: Buckler           |    43 |    37 |    69 |     1 ||   150

Table legend: (Time is in decaauts)
 A = Elapsed time spent in this place.
 B = Non-inter-level travel time spent in this place.
 C = Inter-level travel time spent in this place.
 D = Time resting spent in this place.
 E = Time spent auto-exploring this place.
 F = Levels seen in this place.
 G = Mean time per level.
                   A        B        C        D        E       F      G
               +--------+--------+--------+--------+--------+-----+--------+
         Total |   7357 |   7202 |    155 |   1756 |   3903 |   7 | 1051.0 |
       Dungeon |   7357 |   7202 |    155 |   1756 |   3903 |   7 | 1051.0 |
               +--------+--------+--------+--------+--------+-----+--------+

Top non-repeatable levels by time:
     D:4: 1734 daAuts
     D:5: 1722 daAuts
     D:6: 1142 daAuts
     D:3: 704 daAuts
     D:7: 693 daAuts
     D:2: 686 daAuts
     D:1: 673 daAuts
